 Dungeon Crawl Stone Soup version 0.20.1-1-g8b1a95d66d (webtiles) character file.

37 JayJay1191 the Insei (level 3, 0/26 HPs)
             Began as a Merfolk Transmuter on Dec 7, 2017.
             Slain by a jackal (2 damage)
             ... on level 2 of the Dungeon.
             The game lasted 00:08:45 (1740 turns).

JayJay1191 the Insei (Merfolk Transmuter)           Turns: 1740, Time: 00:08:45

Health: 0/26       AC:  2    Str: 10    XL:     3   Next: 41%
Magic:  5/6        EV: 13    Int: 13    God:
Gold:   59         SH:  0    Dex: 14    Spells: 0/6 levels left

rFire    . . .     SeeInvis +     - Unarmed
rCold    . . .     Gourm    .   (no shield)
rNeg     . . .     Faith    .   b - +0 robe
rPois    .         Spirit   .   (no helmet)
rElec    .         Reflect  .   (no cloak)
rCorr    .         Harm     .   (no gloves)
MR       .....                  (no boots)
Stlth    +.........             (no amulet)
Regen    0.1/turn               g - ring of see invisible
MPRegen  0.1/turn               (no ring)

@: appendage (expiring)
A: change form in water, swift swim, stealthy swim, horns 2
a: End Transformation


You were on level 2 of the Dungeon.
You were not hungry.
You had grown temporary horns.
You visited 1 branch of the dungeon, and saw 2 of its levels.

You collected 59 gold pieces.

Inventory:

Missiles
 a - 53 arrows
Armour
 b - a +0 robe (worn)
Jewellery
 g - a ring of see invisible (left hand)
Scrolls
 e - a scroll of magic mapping {unknown}
 k - a scroll of remove curse {unknown}
 l - a scroll of fear {unknown}
Potions
 f - 2 potions of curing
 h - a potion of brilliance
 j - a potion of heal wounds
Books
 c - a book of Changes

   Spells                             Type                      Level
   a - Beastly Appendage              Transmutation                1
   b - Sticks to Snakes               Transmutation                2
   c - Spider Form                    Transmutation/Poison         3
   d - Ice Form                       Ice/Transmutation            4
   e - Blade Hands                    Transmutation                5
Comestibles
 d - a bread ration
 i - a chunk of flesh


   Skills:
 - Level 1.1 Fighting
 - Level 2.6 Dodging
 - Level 4.5 Unarmed Combat
 - Level 2.0 Spellcasting
 + Level 2.9 Transmutations
 + Level 0.9 Poison Magic


You couldn't memorise any spells.
You knew the following spells:

 Your Spells              Type           Power        Failure   Level  Hunger
a - Beastly Appendage     Tmut           #.....       8%          1    ##.....
b - Sticks to Snakes      Tmut           #.......     12%         2    ###....
c - Spider Form           Tmut/Pois      #.........   34%         3    ####...


Dungeon Overview and Level Annotations

Branches:
Dungeon (2/15)

Altars:
Okawaru


Innate Abilities, Weirdness & Mutations

You revert to your normal form in water.
You are very nimble and swift while swimming.
You are very stealthy in the water. (Stealth+)
You have a pair of horns on your head.


Message History

You barely miss the jackal.
The jackal is moderately wounded.
The jackal bites you.
* * * LOW HITPOINT WARNING * * *
You hit the jackal.
The jackal is severely wounded.
The jackal misses you.
Some of the chunks of flesh in your inventory have rotted away.
You barely miss the jackal.
The jackal is severely wounded.
The jackal bites you.
* * * LOW HITPOINT WARNING * * *
The jackal barely misses you.
You closely miss the jackal.
The jackal is severely wounded.
The jackal misses you.
You closely miss the jackal. Your headbutt misses the jackal.
The jackal is severely wounded.
The jackal bites you.
You die...

#..##.._..##.......#
#...#.).).#........#
..................#
#...###..........#
#...#...........#
...###.............<#
.................).....#
......########.........#
......# ###..h@......#
....>.#####...##########
............###
......####..#
####........#########
..................... ..
######.###..#.###### ..
####...# ##.#....## ##.
......## #....#..# #..


You could see a jackal.

Vanquished Creatures
  3 dart slugs
  2 leopard geckos
  2 giant cockroaches (D:1)
  6 hobgoblins
  5 bats (D:1)
  4 frilled lizards
  3 kobolds (D:1)
  7 rats (D:1)
32 creatures vanquished.

Notes
Turn   | Place    | Note
-------+----------+-------------------------------------------
     0 | D:1      | JayJay1191 the Merfolk Transmuter began the quest for the Orb.
     0 | D:1      | Reached XP level 1. HP: 15/15 MP: 3/3
   371 | D:1      | Reached XP level 2. HP: 21/21 MP: 3/5
   513 | D:1      | Reached skill level 4 in Unarmed Combat
  1036 | D:1      | Reached XP level 3. HP: 24/26 MP: 4/6
  1040 | D:1      | Learned a level 2 spell: Sticks to Snakes
  1044 | D:1      | Learned a level 3 spell: Spider Form
  1475 | D:2      | Found an iron altar of Okawaru.
  1740 | D:2      | Slain by a jackal

Skill      XL: |  1  2 |
---------------+-------+-----
Unarmed Combat | 4 |  4.5
Fighting       | |  1.1
Dodging        | |  2.6
Spellcasting   | |  2.0
Transmutations | |  2.9
Poison Magic   | |  0.9

Action                   || total
-------------------------++-------
Melee: Unarmed           ||   107
       Headbutt          ||    10
       Punch             ||     2
 Cast: Beastly Appendage ||    25
  Use: Scroll            ||     3
  Eat: Chunk             ||     3
Armor: Robe              ||    23
Dodge: Dodged            ||    73
